 Dungeon Crawl Stone Soup version 0.21.1-1-g345015f (webtiles) character file.

1314 Monsterracer the Chopper (level 8, -4/73 HPs)
             Began as a Deep Dwarf Fighter on June 3, 2018.
             Was an Initiate of Makhleb.
             Slain by Pawles22's ghost (6 damage)
             ... on level 7 of the Dungeon.
             The game lasted 00:02:49 (2006 turns).

Monsterracer the Chopper (Deep Dwarf Fighter)       Turns: 2006, Time: 00:02:50

Health: -4/73      AC: 11    Str: 22    XL:     8   Next: 32%
Magic:  8/8        EV:  8    Int:  9    God:    Makhleb [......]
Gold:   215        SH: 10    Dex: 12    Spells: 7/7 levels left

rFire    . . .     SeeInvis .   a - +0 war axe
rCold    . . .     Gourm    .   f - +0 shield
rNeg     . . .     Faith    .   i - +0 chain mail (curse)
rPois    .         Spirit   .   (no helmet)
rElec    .         Reflect  .   (no cloak)
rCorr    .         Harm     .   (no gloves)
MR       ++...                  p - +0 pair of boots
Stlth    ..........             (no amulet)
HPRegen  0.00/turn              s - ring of protection from magic
MPRegen  0.11/turn              (no ring)

@: non-regenerating
A: damage resistance, heal wounds, sense surroundings 1, no regeneration
a: Heal Wounds, Renounce Religion


You were on level 7 of the Dungeon.
You worshipped Makhleb.
Makhleb was noncommittal.
You were not hungry.

You visited 2 branches of the dungeon, and saw 8 of its levels.

You collected 215 gold pieces.

Inventory:

Hand Weapons
 a - a +0 war axe (weapon)
Missiles
 t - 2 throwing nets (quivered)
Armour
 f - a +0 shield (worn)
 i - a cursed +0 chain mail (worn)
 p - a +0 pair of boots (worn)
 q - a +0 plate armour
Jewellery
 s - a ring of protection from magic (left hand)
Wands
 o - a wand of digging (8)
Scrolls
 l - 2 scrolls of remove curse
 r - 2 scrolls of teleportation
Potions
 b - a potion of mutation
 d - a potion of might
 e - a potion of brilliance
 g - a potion of agility
 h - a potion of magic
 j - a potion of lignification
 k - 3 potions of resistance {unknown}
 m - a potion of flight {unknown}
 n - a potion of invisibility {unknown}
Comestibles
 c - 7 rations
 u - 2 chunks of flesh


   Skills:
 + Level 4.6 Fighting
 * Level 6.7 Axes
 + Level 5.5 Armour
 + Level 4.3 Dodging
 + Level 5.5 Shields


You had 7 spell levels left.
You didn't know any spells.

Dungeon Overview and Level Annotations

Branches:
Dungeon (7/15)             Temple (1/1) D:5

Altars:
Ashenzari
Cheibriados
Elyvilon
Fedhas
Gozag
Hepliaklqana
Kikubaaqudgha
Makhleb
Nemelex Xobeh
Okawaru
Qazlal
Ru
Trog
Vehumet
Xom
Yredelemnul
Zin
The Shining One

Annotations:
D:7 Pawles22's ghost, novice MiMo


Innate Abilities, Weirdness & Mutations

You are resistant to damage.
You can heal yourself by infusing magical energy.
You passively map a small area around you.
You do not regenerate.


Message History

You slash the adder!
You kill the adder!
Makhleb accepts your kill.
You hit the ogre but do no damage. The ogre closely misses you.
You slice the ogre!!
The ogre is severely wounded.
The ogre barely misses you.
You hit the ogre.
The ogre is severely wounded.
The ogre hits you with a giant club!!
You take 15 damage, and have 38/73 hp.
MASSIVE DAMAGE!!
You hit the ogre.
The ogre is almost dead.
The ogre hits you but does no damage.
You slice the ogre!!
You kill the ogre!
Makhleb accepts your kill.
No target in view!
No target in view!
No target in view!
(D) Dungeon (T) Temple
Where to? (Enter - D:6, ? - help)
There is a stone staircase leading down here.
You climb downwards.
A centaur skeleton comes into view.
There is a stone staircase leading up here.
You feel much better.
You regained 23 hp, and now have 61/73 hp.
The centaur skeleton hits you but does no damage.
You hit the centaur skeleton.
The centaur skeleton is lightly damaged.
The centaur skeleton hits you but does no damage. x2
You hit the centaur skeleton but do no damage.
The centaur skeleton is lightly damaged.
The centaur skeleton closely misses you.
You block the centaur skeleton's attack.
You hit the centaur skeleton.
The centaur skeleton is moderately damaged.
You block the centaur skeleton's attack.
You slash the centaur skeleton!
The centaur skeleton is severely damaged.
The centaur skeleton barely misses you.
You block the centaur skeleton's attack.
You slash the centaur skeleton!
You destroy the centaur skeleton!
Makhleb accepts your kill.
No target in view!
No target in view!
No target in view!
No target in view!
You are a level 8 Deep Dwarf Fighter.
You are 32% of the way to level 9.
Play time: 00:02:47 (1993 turns) Pawles22's ghost (novice Minotaur Monk) comes into view.
Pawles22's ghost turns its malevolent gaze towards you.
Pawles22's ghost is nearby!
Pawles22's ghost is nearby!
Pawles22's ghost hits you.
You take 2 damage, and have 59/73 hp.
Pawles22's ghost is nearby!
You hit Pawles22's ghost.
Pawles22's ghost is lightly damaged.
Pawles22's ghost hits you! You block Pawles22's ghost's attack.
You take 12 damage, and have 47/73 hp.
You hit Pawles22's ghost.
Pawles22's ghost is lightly damaged.
Pawles22's ghost hits you!
You take 12 damage, and have 35/73 hp.
You slice Pawles22's ghost!!
Pawles22's ghost is moderately damaged.
Pawles22's ghost hits you.
You take 4 damage, and have 31/73 hp.
You closely miss Pawles22's ghost.
Pawles22's ghost is moderately damaged.
Pawles22's ghost hits you but does no damage.
Your chain mail prevents you from hitting Pawles22's ghost.
Pawles22's ghost is moderately damaged.
Pawles22's ghost hits you!
* * * LOW HITPOINT WARNING * * *
You take 13 damage, and have 18/73 hp.
You miss Pawles22's ghost.
Pawles22's ghost is moderately damaged.
Pawles22's ghost whispers, "There is no future for you."
Pawles22's ghost hits you. Pawles22's ghost barely misses you.
You closely miss Pawles22's ghost.
Pawles22's ghost is moderately damaged.
Pawles22's ghost barely misses you.
You slash Pawles22's ghost!
Pawles22's ghost is heavily damaged.
Pawles22's ghost hits you!
* * * LOW HITPOINT WARNING * * *
You take 7 damage, and have 11/73 hp.
You slash Pawles22's ghost!
Pawles22's ghost is heavily damaged.
Pawles22's ghost hits you!
* * * LOW HITPOINT WARNING * * *
You take 9 damage, and have 2/73 hp.
You barely miss Pawles22's ghost.
Pawles22's ghost is heavily damaged.
Pawles22's ghost hits you!
You die...

, + #.######## * #
.... ...# .# ...
..# #.## ,, ..
#.###...## #
#.###.##<....## ,
#.##.............#
#.....##.####.##.#
* #...W@...# .#,
#.##.###.# *,# ...
..# * ..... ### *
* ###### * , ***


You could see Pawles22's ghost.

Vanquished Creatures
  The ghost of p0werm0de the Insei, an amateur OpGl (D:5)
  A water moccasin (D:5)
  A sky beast (D:6)
  2 ogres
  The ghost of Jaiteiro the Shooter, an amateur CeHu (D:4)
  A bullfrog (D:6)
  2 scorpions
  2 howler monkeys
  A bullfrog zombie (D:4)
  3 hounds (D:4)
  2 orc wizards
  An orc priest (D:4)
  A centaur skeleton (D:7)
  A bullfrog skeleton (D:4)
  A worker ant (D:4)
  Natasha (D:2)
  5 adders
  An ooze (D:2)
  4 worms
  A leopard gecko (D:4)
  13 orcs
  2 giant cockroaches
  6 goblins
  3 hobgoblins
  4 jackals
  5 kobolds
  2 quokkas
  7 bats
  3 frilled lizards (D:1)
  2 rats (D:2)
80 creatures vanquished.

Notes
Turn   | Place    | Note
-------+----------+-------------------------------------------
     0 | D:1      | Monsterracer the Deep Dwarf Fighter began the quest for the Orb.
     0 | D:1      | Reached XP level 1. HP: 20/20 MP: 1/1
    76 | D:1      | Reached XP level 2. HP: 25/27 MP: 2/2
   250 | D:2      | Reached skill level 1 in Dodging
   254 | D:2      | Reached XP level 3. HP: 31/33 MP: 3/3
   307 | D:2      | Reached skill level 3 in Axes
   503 | D:2      | Noticed Natasha
   507 | D:2      | Killed Natasha
   507 | D:2      | Reached XP level 4. HP: 39/42 MP: 4/4
   709 | D:4      | Reached XP level 5. HP: 33/49 MP: 5/5
   712 | D:4      | Reached skill level 4 in Axes
   867 | D:4      | Noticed Jaiteiro's ghost (amateur CeHu)
   880 | D:4      | Killed Jaiteiro's ghost
   880 | D:4      | Reached XP level 6. HP: 40/56 MP: 6/6
  1041 | D:4      | Found a shattered altar of Ashenzari.
  1041 | D:4      | Found a basalt altar of Yredelemnul.
  1051 | D:4      | Reached skill level 5 in Axes
  1109 | D:4      | Reached XP level 7. HP: 36/63 MP: 7/7
  1339 | D:5      | Entered Level 5 of the Dungeon
  1418 | D:5      | Noticed p0werm0de's ghost (amateur OpGl)
  1445 | D:5      | Killed p0werm0de's ghost
  1445 | D:5      | Reached skill level 5 in Armour
  1445 | D:5      | Reached skill level 5 in Shields
  1595 | D:5      | Reached skill level 6 in Axes
  1602 | D:5      | Found a staircase to the Ecumenical Temple.
  1676 | Temple   | Entered the Ecumenical Temple
  1768 | Temple   | Became a worshipper of Makhleb the Destroyer
  1842 | D:5      | Reached XP level 8. HP: 60/73 MP: 8/8
  1993 | D:7      | Noticed Pawles22's ghost (novice MiMo)
  2005 | D:7      | HP: 2/73 [Pawles22's ghost (9)]
  2006 | D:7      | Slain by Pawles22's ghost

Skill      XL: |  1  2  3  4  5  6  7  8 |
---------------+-------------------------+-----
Dodging        | 1 2 3 4 |  4.3
Fighting       | 3 4 |  4.6
Axes           | 3 4 5 6 |  6.7
Shields        | 4 5 |  5.5
Armour         | 4 5 |  5.5

Action                   |  1- 3 |  4- 6 |  7- 9 || total
-------------------------+-------+-------+-------++-------
Melee: War axe           |   129 |   132 |   124 ||   385
 Abil: Heal Wounds       |     1 |     2 |     7 ||    10
  Use: Scroll            |       |     7 |       ||     7
       Potion            |       |     1 |       ||     1
  Eat: Chunk             |       |     1 |     4 ||     5
Armor: Scale mail        |    26 |       |       ||    26
       Chain mail        |    77 |    77 |    51 ||   205
Dodge: Dodged            |    29 |    34 |    27 ||    90
Block: Shield            |    79 |    83 |    51 ||   213

Vault maps used:
D:1:      minmay_arrival_diagonal_passages, nemelex_xobeh_ov_fountains_minmay
D:2:      chequers_ecumenical_altar_simple, uniq_natasha
D:3:      old_standard_altar, grunt_dithmenos_smoke, uniq_robin
D:4:      gammafunk_temple_overflow_statue, first_ration
D:5:      minmay_temple_entry_trees
D:6:      lemuel_tele_altar
D:7:      grunt_ogre_cave, uniq_prince_ribbit1
Temple:   eino_temple_rhombus
